[Event "Italian-ch Women 2022"]
[Site "Cagliari"]
[Date "2022.11.21"]
[Round "5.4"]
[White "Cassi, Elisa"]
[Black "Brunello, Marina"]
[Result "0-1"]
[ECO "B92"]
[WhiteElo "1995"]
[BlackElo "2337"]
[Annotator "TA"]
[PlyCount "118"]
[EventDate "2022.11.17"]
[EventType "tourn"]
[EventCountry "ITA"]
[SourceTitle "playchess.com"]
[Source "ChessBase"]
[SourceQuality "1"]
[TimeControl "40/6000+30:20/3000:900+30"]

1. e4 c5 2. Nf3 d6 3. d4 cxd4 4. Nxd4 Nf6 5. Nc3 a6 6. Be2 e5 7. Nb3 Be7 8. O-O O-O 9. Re1 Be6 {[%emt 0:00:00] B92: Sicilian Najdorf: 6 Be2.} 10. Bf3 Nbd7 11. a4 Rb8 {[%emt 0:00:00] The position is equal.} 12. a5 Qc7 13. Be3 Rfc8 14. Nd2 {[%emt 0:03:01][%cal Bb3d2,Bd2f1,Bf1g3][%mdl 32] [#]} Ra8 $146 ({Predecessor:} 14... b5 15. axb6 Nxb6 16. Rxa6 Nc4 17. Nxc4 Qxc4 18. Ra4 Qc6 19. Qa1 Bd8 20. Rc1 h6 {1-0 (49) Rudolf,A (2352)-Cao Armillas,J (2174) Madrid 2011}) 15. Nf1 b5 16. axb6 Nxb6 17. Ng3 Bf8 18. Re2 Qb7 19. Bg5 Ne8 20. h4 a5 21. Be3 Nc4 22. b3 Nxe3 23. Rxe3 g6 24. h5 Nf6 25. Rd3 Qc7 26. Ra2 Qb6 27. Qd2 Nd7 28. hxg6 hxg6 29. Be2 Nc5 30. Rf3 Bg7 31. Nf1 Qc6 32. Bb5 {[%emt 0:07:04] Prevents a4.} (32. Ne3 $15) 32... Nxe4 $17 33. Bxc6 Nxd2 34. Bxa8 Nxf3+ 35. Bxf3 (35. gxf3 $142 Rxc3 36. Ne3) 35... Rxc3 36. Rxa5 Rxc2 37. Bd5 Bxd5 38. Rxd5 $19 {[%emt 0:00:14][%mdl 4096] Endgame KRB-KRN} Rc6 39. b4 Bf8 40. Nd2 f5 41. b5 Rc8 42. b6 {[%emt 0:00:00] [#]} Kf7 $1 43. Ra5 {[%emt 0:00:00] [#]} Rb8 (43... Be7 $1 $17 44. Ra7 Ke6) 44. Nc4 $1 $15 Ke6 45. Rb5 (45. Ra6 $1 $15) 45... Be7 $17 46. Kf1 ({But not} 46. b7 $2 Bd8 47. g4 fxg4 $19) 46... Bd8 ({Not} 46... d5 47. Ne3 $15) 47. Ke2 (47. g3 $17) 47... f4 (47... Rb7 $19 48. Ra5 d5) 48. b7 $15 Bc7 {[%emt 0:00:00] Strongly threatening ...Kd7.} 49. Kd3 $1 Kd7 {[%emt 0:00:00] Threatens to win with ...Kc6.} 50. Nd2 $2 {[%emt 0:00:00] This costs White the game.} ({White should try} 50. Rb1 $15) 50... Kc6 $19 51. Kc4 Bb6 52. Ne4 Rxb7 53. Rd5 Bc7 54. Rd2 Rb1 {[%emt 0:00:00][%cal Od6d5] Hoping for ...d5+!} 55. Nf6 {[%emt 0:00:00] Inhibits d5+.} (55. Rc2 {is a better defense.}) 55... Bd8 {[%emt 0:00:00] Black is clearly winning.} 56. Nd5 (56. Ng4 $142 d5+ 57. Kc3 Ba5+ 58. Kc2 Bxd2 59. Kxb1) 56... Rc1+ 57. Kb3 Ba5 58. Ra2 Kxd5 59. Rxa5+ Ke6 {[%emt 0:00:00] Weighted Error Value: White=0.36/Black=0.10 (very precise)} 0-1